 Dungeon Crawl Stone Soup version 0.23-a0-344-ge122d05 (webtiles) character file.

345 Loudmushroom the Shield-Bearer (level 6, -1/39 HPs)
             Began as a Gargoyle Fighter on Oct 19, 2018.
             Slain by an ogre
             ... wielding a +0 giant club
              (4 damage)
             ... on level 4 of the Dungeon.
             The game lasted 00:16:01 (3175 turns).

Loudmushroom the Shield-Bearer (Gargoyle Fighter)   Turns: 3175, Time: 00:16:02

Health: -1/39      AC: 16    Str: 22    XL:     6   Next: 58%
Magic:  6/6        EV:  5    Int:  8    God:
Gold:   173        SH:  9    Dex:  9    Spells: 5/5 levels left

rFire    . . .     SeeInvis .   a - +0 war axe
rCold    . . .     Gourm    .   c - +0 shield
rNeg     + . .     Faith    .   H - +0 chain mail
rPois    ∞         Spirit   .   j - +0 helmet
rElec    +         Reflect  .   (no cloak)
rCorr    .         Harm     .   o - +0 pair of gloves
MR       .....                  (no boots)
Stlth    ..........             (no amulet)
HPRegen  0.13/turn              (no ring)
MPRegen  0.10/turn              (no ring)

@: no status effects
A: negative energy resistance 1, electricity resistance, unbreathing,
petrification resistance, rot immunity, AC +4
a: no special abilities


You were on level 4 of the Dungeon.
You were not hungry.

You visited 1 branch of the dungeon, and saw 4 of its levels.

You collected 173 gold pieces.

Inventory:

Hand Weapons
 a - a +0 war axe (weapon)
 b - a +0 hunting sling
 z - a +0 spear
 A - a +2 halberd of chopping
 F - a +1 mace of draining
 G - a +3 whip
 I - a +0 flail
Missiles
 g - 23 sling bullets
 l - 153 stones
 D - 27 bolts
 E - 41 poisoned needles
 J - 3 javelins (quivered)
Armour
 c - a +0 shield (worn)
 j - a +0 helmet (worn)
 o - a +0 pair of gloves (worn)
 H - a +0 chain mail (worn)
Jewellery
 n - a +5 ring of protection {unknown}
 s - an uncursed ring of flight {unknown}
 x - a cursed -3 ring of evasion {unknown}
 B - an uncursed amulet of regeneration {unknown}
Scrolls
 e - a scroll of random uselessness {unknown}
 p - 2 scrolls of identify {unknown}
 r - 2 scrolls of amnesia {unknown}
 t - 2 scrolls of remove curse {unknown}
 y - a scroll of immolation {unknown}
Potions
 d - a potion of might
 h - 3 potions of brilliance {unknown}
 k - 3 potions of flight {unknown}
 m - a potion of magic {unknown}
 q - 2 potions of cancellation {unknown}
 u - a potion of lignification {unknown}
 v - 3 potions of heal wounds {unknown}
 w - a potion of degeneration {unknown}
 C - a potion of berserk rage {unknown}
Comestibles
 f - 7 rations


   Skills:
 + Level 4.5 Fighting
 * Level 4.1 Axes
 + Level 4.5 Armour
 + Level 4.6 Shields


You had 5 spell levels left.
You didn't know any spells.
Your spell library was empty.

Dungeon Overview and Level Annotations

Branches:
Dungeon (4/15)
 Temple: D:4-7

Altars:
Kikubaaqudgha
Sif Muna


Innate Abilities, Weirdness & Mutations

You are resistant to torment.
Your stone body is resilient. (AC +4)
You are immune to poison.
You resist negative energy. (rN+)
You are resistant to electric shocks. (rElec)
You can survive without breathing.
You are immune to petrification.
You are immune to rotting.


Message History

An ogre comes into view. It is wielding a +0 giant club.
The ogre shouts!
The ogre hits you with a +0 giant club!
You barely miss the ogre. The ogre hits you with a +0 giant club!
* * * LOW HITPOINT WARNING * * *
You slash the ogre!
The ogre is moderately wounded.
The ogre hits you with a +0 giant club.
* * * LOW HITPOINT WARNING * * *
You hit the ogre.
The ogre is moderately wounded.
You block the ogre's attack.
You hit the ogre.
The ogre is heavily wounded.
The ogre hits you with a +0 giant club.
* * * LOW HITPOINT WARNING * * *
You hit the ogre.
The ogre is severely wounded.
The ogre hits you with a +0 giant club.
You die...

...
#.#'###...#.#.....##.#
...###+#.# #...#.+.....+
.. .........#
#...###.....#
.........######## .....#
................. .......
...##.........#####...###
.. #.........'... .
#.........#####
#....O@........
#.................
#..........#......
#..........#......
#..........# ..#..
#.....###### ..# .
#.....# .# #.....# .#


You could see an ogre.

Vanquished Creatures
  A bullfrog skeleton (D:4)
  An orc priest (D:4)
  3 orc wizards (D:4)
  A worker ant (D:4)
  5 adders
  7 gnolls
  2 dart slugs
  2 leopard geckos
  6 orcs
  2 giant cockroaches (D:4)
  7 goblins
  6 hobgoblins
  2 jackals (D:1)
  6 kobolds
  A quokka (D:2)
  A ball python (D:2)
  3 bats
  3 frilled lizards
  4 rats
63 creatures vanquished.

Notes
Turn   | Place    | Note
-------+----------+-------------------------------------------
     0 | D:1      | Loudmushroom the Gargoyle Fighter began the quest for the
                  | Orb.
     0 | D:1      | Reached XP level 1. HP: 14/14 MP: 1/1
   220 | D:1      | Reached XP level 2. HP: 19/19 MP: 2/2
   903 | D:2      | Reached XP level 3. HP: 23/23 MP: 3/3
  1063 | D:2      | Reached XP level 4. HP: 29/29 MP: 4/4
  1080 | D:2      | Found an ancient bone altar of Kikubaaqudgha.
  1854 | D:2      | Reached XP level 5. HP: 28/33 MP: 5/5
  2490 | D:3      | Found a deep blue altar of Sif Muna.
  2721 | D:4      | Reached XP level 6. HP: 31/39 MP: 6/6
  3175 | D:4      | Slain by an ogre

Vault maps used:
D:1:      erik_arrival_triangle_small, minmay_pentomino_z2
D:2:      nicolae_overflow_crystal_walls, minmay_goblin_outpost
D:3:      first_ration, tgw_sif
D:4:      ebering_ghost_rock_garden

Skill      XL: |  1  2  3  4  5  6 |
---------------+-------------------+-----
Axes           | 2 3 4 |  4.1
Fighting       | 4 |  4.5
Shields        | 4 |  4.6
Armour         | 4 |  4.5

Action                   |  1- 3 |  4- 6 || total
-------------------------+-------+-------++-------
Melee: War axe           |    81 |   165 ||   246
  Eat: Chunk             |     1 |     7 ||     8
Armor: Scale mail        |    60 |    73 ||   133
       Chain mail        |       |    57 ||    57
Dodge: Dodged            |    30 |    53 ||    83
Block: Shield            |    50 |   124 ||   174

Table legend:
 A = Non-vault XP
 B = Vault XP
 C = Vault XP percentage of total XP
 D = Non-vault monster count
 E = Vault monster count
 F = Vault count percentage of total count
                 A         B        C        D         E       F
            +---------+---------+-------+---------+---------+-------
      Total |     482 |      12 |   2.4 |      56 |       7 |  11.1
            +---------+---------+-------+---------+---------+-------
        D:1 |      16 |       1 |   5.9 |       9 |       1 |  10.0
        D:2 |     127 |      11 |   8.0 |      23 |       6 |  20.7
        D:3 |      68 |       0 |   0.0 |      10 |       0 |   0.0
        D:4 |     271 |       0 |   0.0 |      14 |       0 |   0.0
            +---------+---------+-------+---------+---------+-------
